 Dungeon Crawl Stone Soup version 0.30-a0-632-g346586fe48 (webtiles) character file.

Game seed: 15392948941353701127

70 BigDaddyOpFi the Chopper (level 4, -6/40 HPs)
             Began as a Hill Orc Monk on Jan 13, 2023.
             Killed by nerve-wracking pain
             ... invoked by Jessica
              (7 damage)
             ... on level 2 of the Dungeon.
             The game lasted 00:03:49 (1458 turns).

BigDaddyOpFi the Chopper (Hill Orc Monk)            Turns: 1458, Time: 00:03:50

Health: -6/40      AC:  3    Str: 15    XL:     4   Next: 21%
Magic:  4/4        EV: 12    Int: 10    God:
Gold:   691        SH:  0    Dex: 13    Spells: 3/3 levels left

rFire   . . .      SeeInvis .    a - +0 hand axe
rCold   . . .      Faith    .    (no shield)
rNeg    . . .      Spirit   .    b - +0 robe
rPois   .          Reflect  .    (no helmet)
rElec   .          Harm     .    (no cloak)
rCorr   .          Rampage  .    (no gloves)
Will    .....                    d - +0 pair of boots
Stlth   ++                       (no amulet)
HPRegen 0.26/turn                (no ring)
MPRegen 0.09/turn                (no ring)

@: attractive, hasted, very quick
A: no striking features
a: no special abilities


You were on level 2 of the Dungeon.
You visited 1 branch of the dungeon, and saw 2 of its levels.

You collected 691 gold pieces.

Inventory:

Hand Weapons
 a - a +0 hand axe (weapon)
Armour
 b - a +0 robe (worn)
 d - a +0 pair of boots (worn)
 f - a +0 buckler
Scrolls
 h - 2 scrolls of enchant armour
 i - 2 scrolls of identify
Potions
 c - a potion of attraction
 g - a potion of brilliance {unknown}


   Skills:
 + Level 4.3 Fighting
 + Level 4.6 Axes
 + Level 2.8 Dodging
 + Level 2.2 Stealth
 + Level 1.0 Shields


You had 3 spell levels left.
You didn't know any spells.
Your spell library was empty.

Dungeon Overview and Level Annotations

Branches:
Dungeon (2/15)

Altars:
Ru

Annotations:
D:2 Jessica


Message History

You hit the dart slug.
You kill the dart slug!
No target in view!
Found a stone staircase leading down.
Jessica the Apprentice Sorceress comes into view.
She is wielding a +0 dagger and wearing a +2 robe of willpower.
Jessica is nearby!
Jessica is nearby!
Found 11 gold pieces.
Jessica shouts!
Jessica gestures at you while chanting. Pain shoots through your body!
You hit Jessica but do no damage. Jessica hits you with a +0 dagger.
You barely miss Jessica.
Jessica gestures wildly.
Jessica casts a spell at you.
You barely resist. You barely miss Jessica. Jessica hits you with a +0 dagger.
Jessica hits you with a +0 dagger!
It was a potion of attraction.
You feel attractive to monsters. Jessica misses you.
As you read the scroll labelled DOEXANK SADWOKUSH, it crumbles to dust.
It is a scroll of identify.
h - 2 scrolls of enchant armour Jessica points at you and mumbles some strange words.
Pain shoots through your body!
* * * LOW HITPOINT WARNING * * *
As you read the scroll labelled GUOQYUCV QICI, it crumbles to dust.
The creatures around you are filled with an inner flame!
It was a scroll of immolation.
Jessica casts a spell.
Jessica seems to speed up.
The air fills with toxic fumes!
As you read the scroll labelled GYUVUNKARUI, it crumbles to dust.
It was a scroll of poison.
Jessica hits you with a +0 dagger.
* * * LOW HITPOINT WARNING * * *
It was a potion of haste.
You feel yourself speed up.
Jessica points at you and mumbles some strange words.
Pain shoots through your body!
You die...

#### #... ####...
############......
###§§§§§§....#......
#§§§§§§#...#.#......
#####§§§@§§#.#.#.#......
§§§§§§§@§§§#.#.#.#......
§§§§§§#§####.#.#.##.....
§§§§§.#§## #.#..........
§§§§..§§§###...#.#######
########§.####.#.##.....
#.....§§.# #_#.##.####
#.....§§.###.#.##.####
#.....§§§.............
#........###.#.##.####


You could see Jessica (fast, inner flame).

Vanquished Creatures
  A worm (D:2)
  2 dart slugs
  9 endoplasms
  8 goblins
  8 hobgoblins
  4 jackals (D:1)
  8 kobolds
  3 ball pythons
  5 bats
  3 frilled lizards (D:1)
  4 rats
55 creatures vanquished.

Notes
Turn   | Place    | Note
-------+----------+-------------------------------------------
     0 | D:1      | BigDaddyOpFi the Hill Orc Monk began the quest for the Orb.
     0 | D:1      | Reached XP level 1. HP: 19/19 MP: 1/1
   138 | D:1      | Reached XP level 2. HP: 22/27 MP: 2/2
   283 | D:1      | Identified a scroll of acquirement
   283 | D:1      | Acquired 569 gold pieces
   430 | D:1      | Reached XP level 3. HP: 28/33 MP: 3/3
  1207 | D:2      | Found a faded altar of an unknown god.
  1240 | D:2      | Reached XP level 4. HP: 37/40 MP: 4/4
  1372 | D:2      | Found a sacrificial altar of Ru.
  1390 | D:2      | Reached skill level 1 in Shields
  1447 | D:2      | Noticed Jessica
  1457 | D:2      | HP: 1/40 [Jessica/+0 dagger (6)]
  1458 | D:2      | Killed from afar by Jessica

Illustrated notes

Levels and vault maps discovered:
D:1:      minmay_arrival_nine_rooms, layout_rooms, serial_aquarium,
          aquarium_bridge_straight [aquarium_subvault_bridge,
          aquarium_subvault_window, aquarium_subvault_bridge,
          aquarium_subvault_window], aquarium_bridge_straight
          [aquarium_subvault_bridge, aquarium_subvault_wall,
          aquarium_subvault_bridge, aquarium_subvault_wall],
          aquarium_window_fake, aquarium_window_1, aquarium_window_fake,
          aquarium_window_2, aquarium_view_2e, aquarium_balcony_double_1
D:2:      kennysheep_the_goblin_king, layout_basic, basic_altar,
          basic_ecumenical_altar, uniq_jessica

Skill      XL: |  1  2  3  4 |
---------------+-------------+-----
Fighting       | 4 |  4.3
Stealth        | 2 |  2.2
Shields        | 1 |  1.0
Axes           | |  4.6
Dodging        | |  2.8

Action                   |  1- 3 |  4- 6 || total
-------------------------+-------+-------++-------
Melee: Hand axe          |   160 |    44 ||   204
       Punch             |     2 |       ||     2
  Use: Scroll            |     1 |     3 ||     4
       Potion            |       |     3 ||     3
 Stab: Sleeping          |     6 |     1 ||     7
Armor: Robe              |    48 |    16 ||    64
Dodge: Dodged            |   110 |    33 ||   143

Table legend: (Time is in decaauts)
 A = Elapsed time spent in this place.
 B = Non-inter-level travel time spent in this place.
 C = Inter-level travel time spent in this place.
 D = Time resting spent in this place.
 E = Time spent auto-exploring this place.
 F = Levels seen in this place.
 G = Mean time per level.
                   A        B        C        D        E       F      G
               +--------+--------+--------+--------+--------+-----+--------+
         Total |   1473 |   1452 |     21 |     21 |    853 |   2 |  736.5 |
       Dungeon |   1473 |   1452 |     21 |     21 |    853 |   2 |  736.5 |
               +--------+--------+--------+--------+--------+-----+--------+

Top non-repeatable levels by time:
     D:1: 857 daAuts
     D:2: 615 daAuts
